 Dungeon Crawl Stone Soup version 0.30-a0-242-g7bf8e6d787 (webtiles) character file.

Game seed: 13314265465038921659

1702 koil the Covert (level 8, -2/38 (39) HPs)
             Began as a Spriggan Enchanter on Oct 11, 2022.
             Slain by a wight
             ... wielding a +3 scimitar
              (3 damage)
             ... on level 6 of the Dungeon.
             The game lasted 00:22:20 (6040 turns).

koil the Covert (Spriggan Enchanter)                Turns: 6040, Time: 00:22:20

HP:   -2/38 (39)    AC:  2    Str:  4    XL:     8   Next: 73%
MP:   17/17         EV: 20    Int: 17    God:
Gold: 83            SH:  0    Dex: 17    Spells: 16/18 levels left

rFire   . . .      SeeInvis +    a - +1 dagger
rCold   . . .      Faith    .    (no shield)
rNeg    + . .      Spirit   .    B - +0 robe
rPois   .          Reflect  .    (helmet restricted)
rElec   .          Harm     .    (no cloak)
rCorr   .          Rampage  .    (gloves unavailable)
Will    +....                    (boots unavailable)
Stlth   +++++.....               (no amulet)
HPRegen 0.26/turn                F - ring of wizardry
MPRegen 0.15/turn                e - ring of positive energy

@: lightly drained, very quick
A: very small, no large weapons, unfitting armour, see invisible, speed 3
a: no special abilities


You were on level 6 of the Dungeon.
You visited 1 branch of the dungeon, and saw 6 of its levels.
You also visited: Sewer.

You collected 419 gold pieces.
You spent 336 gold pieces at shops.

Inventory:

Hand Weapons
 a - a +1 dagger (weapon)
 n - a +1 spear of venom
 p - a +2 vampiric short sword
 I - a +1 halberd of freezing
Missiles
 k - 10 poisoned darts (quivered)
 r - a throwing net
Armour
 g - an orb of light
 B - a +0 robe (worn)
Magical Staves
 h - a staff of poison
Jewellery
 e - a ring of positive energy (right hand)
 o - a ring of protection from cold
 F - a ring of wizardry (left hand)
Wands
 H - a wand of acid (9)
Scrolls
 b - a scroll of poison {unknown}
 f - 14 scrolls of identify {unknown}
 i - 6 scrolls of teleportation {unknown}
 j - 3 scrolls of blinking {unknown}
 l - 2 scrolls of vulnerability {unknown}
 m - a scroll of summoning {unknown}
 q - a scroll of enchant armour {unknown}
 s - a scroll of fear {unknown}
 t - a scroll of amnesia {unknown}
 v - a scroll of torment {unknown}
 x - a scroll of butterflies {unknown}
 y - a scroll of brand weapon {unknown}
 G - 2 scrolls of enchant weapon {unknown}
Potions
 c - 2 potions of invisibility
 d - 6 potions of might
 u - 2 potions of ambrosia
 w - a potion of heal wounds {unknown}
 z - a potion of cancellation {unknown}
 A - a potion of flight {unknown}
 C - a potion of haste {unknown}
 D - 2 potions of brilliance
 E - a potion of attraction


   Skills:
 + Level 2.1 Fighting
 + Level 4.2 Short Blades
 + Level 5.4 Dodging
 + Level 11.3 Stealth
 + Level 5.6 Spellcasting
 + Level 5.5 Hexes
 + Level 2.6 Ice Magic


You had 16 spell levels left.
You knew the following spells:

 Your Spells              Type           Power      Damage    Failure   Level
a - Ensorcelled Hibernat  Hex/Ice        36%        N/A       1%          2

Your spell library contained the following spells:

 Spells                   Type           Power      Damage    Failure   Level
 Confusing Touch          Hex            23%        N/A       1%          3
 Tukima's Dance           Hex            23%        N/A       1%          3
 Dazzling Flash           Conj/Hex       28%        N/A       5%          3
 Ozocubu's Armour         Ice            13%        N/A       5%          3
 Cause Fear               Hex            11%        N/A       6%          4
 Cigotuvi's Dreadful Rot  Necr/Pois/Air  8%         N/A       9%          2
 Poisonous Vapours        Pois/Air       8%         N/A       9%          2
 Mephitic Cloud           Conj/Pois/Air  4%         N/A       16%         3
 Metabolic Englaciation   Hex/Ice        9%         N/A       26%         5
 Silence                  Hex/Air        7%         N/A       41%         5
 Agony                    Necr           4%         N/A       80%         5
 Simulacrum               Ice/Necr       4%         N/A       99%         6
 Dragon Form              Tmut           2%         N/A       100%        7
 Dragon's Call            Summ           2%         N/A       100%        9


Dungeon Overview and Level Annotations

Branches:
Dungeon (6/15)             Temple (0/1) D:5           Sewer (visited)

Altars:
Hepliaklqana

Shops:
D:1 [   D:5 !


Innate Abilities, Weirdness & Mutations

You are very small and have problems with some larger weapons.
You are too small for most types of armour.
You have supernaturally acute eyesight. (SInv)
You cover ground extremely quickly. (Speed+++)


Message History

The helpless wight fails to defend itself.
You spit the wight like a pig!!!
You destroy the wight!
Found an escape hatch in the ceiling.
Things that are here:
a +3 flail; a +0 robe The helpless wight fails to defend itself.
You perforate the wight like a sieve!!!
You destroy the wight!
The helpless wight fails to defend itself.
You perforate the wight like a sieve!!!
You destroy the wight!
The wight misses you.
You hit the wight but do no damage. The wight misses you.
Casting: Ensorcelled Hibernation (safe; 1% risk of failure)
Confirm with . or Enter, or press ? or * to list all spells.
Okay, then.
Casting: Ensorcelled Hibernation (safe; 1% risk of failure)
Confirm with . or Enter, or press ? or * to list all spells.
You can't see any susceptible monsters within range! (Use Z to cast anyway.)
You now have 83 gold pieces (gained 8).
The wight hits you with a +3 scimitar!
You barely miss the wight. The wight barely misses you.
You hit the wight but do no damage. You completely miss the wight.
The wight barely misses you.
You hit the wight but do no damage. The wight closely misses you.
You hit the wight.
The wight is lightly damaged.
The wight completely misses you.
You hit the wight.
The wight is moderately damaged.
The wight hits you with a +3 scimitar!
You hit the wight but do no damage.
The wight is moderately damaged.
You completely miss the wight.
The wight is moderately damaged.
The wight hits you with a +3 scimitar!
* * * LOW HITPOINT WARNING * * *
You partially resist.
You feel drained.
You die...

........###
#..#P.~##.......
............
#..#~.PP#....>.#
.......#####
####....##..#.## .......#
##P..P~#....# ..###....
#P^.~PP#..#### ... ......
#P...~~#...... ..
......## ##......##...##
.....######............#.
........@z...............
##########....###########
##z...### .#######....##
....z.))...##
......)##### <######


You could see a wight.

Vanquished Creatures
  An unseen horror (D:6)
  2 steam dragons (D:6)
  A water moccasin (D:5)
  2 black bears (D:6)
  An orc warrior (D:6)
  An ice beast (D:5)
  An ogre (D:2)
  3 wights (D:6)
  A hound (D:4)
  2 jellies
  An orc priest (D:4)
  An iguana (D:6)
  Natasha (twice) (D:3)
  2 orc wizards (D:6)
  8 adders
  3 gnolls (D:6)
  3 ufetubi
  5 worms
  3 dart slugs
  9 orcs
  6 endoplasms
  10 giant cockroaches
  4 goblins
  3 hobgoblins
  5 jackals
  A kobold (D:3)
  12 quokkas
  10 ball pythons
  6 bats
  5 frilled lizards (Sewer)
  6 rats
120 creatures vanquished.

Vanquished Creatures (others)
  A ghoul (D:1)
  A gargoyle (D:1)
  A vine stalker (D:1)
  A merfolk (D:1)
  A demigod (D:1)
  4 mummies (D:1)
  2 gnolls
  An orc (D:1)
  A kobold (D:1)
  6 fungi (D:6)
  7 tentacles (D:1)
26 creatures vanquished.

Grand Total: 146 creatures vanquished

Notes
Turn   | Place    | Note
-------+----------+-------------------------------------------
     0 | D:1      | koil the Spriggan Enchanter began the quest for the Orb.
     0 | D:1      | Reached XP level 1. HP: 9/9 MP: 5/5
     0 | D:1      | Noticed a vine stalker
     0 | D:1      | Noticed a ghoul
     0 | D:1      | Noticed a gargoyle
     0 | D:1      | Noticed a kraken
     0 | D:1      | Noticed a merfolk
     0 | D:1      | Noticed a demigod
     6 | D:1      | Killed a merfolk
    13 | D:1      | Killed a gargoyle
    23 | D:1      | Killed a vine stalker
    24 | D:1      | Killed a ghoul
    26 | D:1      | Killed a demigod
    75 | D:1      | Found Rifytogo's Antique Armour Shop.
   225 | D:1      | Found a faded altar of an unknown god.
   377 | D:1      | Reached XP level 2. HP: 13/13 MP: 6/6
   423 | D:1      | Reached skill level 5 in Stealth
   497 | D:1      | Learned a level 2 spell: Ensorcelled Hibernation
  1036 | D:2      | Reached XP level 3. HP: 16/16 MP: 8/8
  1501 | D:2      | Noticed an ogre
  1548 | D:2      | Killed an ogre
  1549 | D:2      | Reached skill level 7 in Stealth
  1549 | D:2      | Reached XP level 4. HP: 21/21 MP: 6/9
  1982 | D:3      | Reached XP level 5. HP: 24/25 MP: 10/10
  2286 | D:3      | Noticed Natasha
  2292 | D:3      | Killed Natasha
  2318 | D:3      | Noticed Natasha
  2329 | D:3      | Killed Natasha
  2773 | D:4      | Found a glowing drain.
  2847 | D:4      | Found a hazy altar of Hepliaklqana.
  2902 | Sewer    | Entered a sewer
  3421 | D:4      | Reached XP level 6. HP: 29/29 MP: 12/12
  3468 | D:4      | Reached skill level 8 in Stealth
  3686 | D:4      | Reached skill level 1 in Fighting
  4212 | D:5      | Entered Level 5 of the Dungeon
  4437 | D:5      | Reached skill level 1 in Ice Magic
  4607 | D:5      | Noticed a water moccasin
  4609 | D:5      | Killed a water moccasin
  4610 | D:5      | Reached XP level 7. HP: 33/33 MP: 13/13
  4716 | D:5      | Found a staircase to the Ecumenical Temple.
  4812 | D:5      | Reached skill level 9 in Stealth
  4836 | D:5      | Found Isihaq's Distillery.
  4839 | D:5      | Bought a potion of degeneration for 12 gold pieces
  4839 | D:5      | Bought 2 potions of brilliance for 96 gold pieces
  4839 | D:5      | Bought a potion of attraction for 36 gold pieces
  4839 | D:5      | Bought 2 potions of might for 96 gold pieces
  4839 | D:5      | Bought a potion of ambrosia for 96 gold pieces
  5466 | D:6      | Found the +1 Delatra's gloves {ID++}
  5522 | D:6      | Reached skill level 5 in Dodging
  5522 | D:6      | Reached skill level 10 in Stealth
  5544 | D:6      | Reached XP level 8. HP: 32/38 MP: 7/15
  5888 | D:6      | Reached skill level 5 in Hexes
  5891 | D:6      | Reached skill level 5 in Spellcasting
  6007 | D:6      | Noticed an unseen horror
  6014 | D:6      | Killed an unseen horror
  6015 | D:6      | Reached skill level 11 in Stealth
  6040 | D:6      | HP: 1/39 [wight/+3 scimitar (17)]
  6040 | D:6      | Slain by a wight

Illustrated notes

Levels and vault maps discovered:
D:1:      nicolae_arrival_kraken_aquarium_a, layout_basic, serial_shops, shop,
          chequers_ecumenical_altar_simple, glass_columns_b
D:2:      layout_basic
D:3:      layout_basic, uniq_natasha
D:4:      layout_basic, mainiacjoe_overflow_boulevard, portal_sewer_entry_f,
          minmay_quadrilaterals
D:5:      layout_basic, minmay_temple_entry_water_ring, serial_shops,
          kennysheep_mini, nicolae_eternal_life
D:6:      kennysheep_steamy, layout_rooms, marbit_many_paths,
          hangedman_decor_peaks_small, dreamdust_princess_bridge,
          pf_guarded_unrand_delatra, uniq_grinder

Skill      XL: |  1  2  3  4  5  6  7  8 |
---------------+-------------------------+-----
Stealth        | 5 7 8 10 11 | 11.3
Hexes          | 4 5 |  5.5
Dodging        | 3 4 5 |  5.4
Spellcasting   | 3 4 5 |  5.6
Short Blades   | 2 3 4 |  4.2
Fighting       | 1 2 |  2.1
Ice Magic      | 1 2 |  2.6

Action                   |  1- 3 |  4- 6 |  7- 9 || total
-------------------------+-------+-------+-------++-------
Melee: Dagger            |    82 |   249 |    55 ||   386
       Punch             |       |     3 |     1 ||     4
 Cast: Ensorcelled Hiber |     3 |    20 |    26 ||    49
 Stab: Sleeping          |    14 |    28 |    22 ||    64
       Distracted        |     1 |       |       ||     1
Armor: Robe              |     7 |    20 |     1 ||    28
Dodge: Dodged            |    66 |   185 |    61 ||   312

Table legend: (Time is in decaauts)
 A = Elapsed time spent in this place.
 B = Non-inter-level travel time spent in this place.
 C = Inter-level travel time spent in this place.
 D = Time resting spent in this place.
 E = Time spent auto-exploring this place.
 F = Levels seen in this place.
 G = Mean time per level.
                   A        B        C        D        E       F      G
               +--------+--------+--------+--------+--------+-----+--------+
         Total |   4310 |   4262 |     48 |    388 |   2875 |   7 |  615.7 |
       Dungeon |   3922 |   3874 |     48 |    265 |   2697 |   6 |  653.7 |
         Sewer |    387 |    387 |      0 |    122 |    178 |   1 |  387.0 |
               +--------+--------+--------+--------+--------+-----+--------+

Top non-repeatable levels by time:
     D:3: 748 daAuts
     D:4: 748 daAuts
     D:5: 725 daAuts
     D:2: 688 daAuts
     D:6: 577 daAuts
     D:1: 434 daAuts
   Sewer: 387 daAuts
